AoeStats
← ArtTroy2751

Glade

510374688Analyzed
1v1 RM · 14h ago on Sep 30, 2026· 32m 28s· 2 players
Game mode
Random Map
Map size
Tiny (2 player)
Population
200
Speed
Normal
Resources
Standard
Victory
Conquest
Starting age
Dark Age
Ending age
Imperial Age
RankedLock teamsTeams togetherTeam positionsShared explorationLock speedFull tech treeHidden civsTurbo modeCheats
Victory
Defeat
🇫🇷 Teutons · France
1241
+17
🇲🇽 Cumans · Mexico
1258
-17
mathlemas
10:40 Feudal Age
11:22 Double-Bit Axe
15:31 Castle Age
14:08 Horse Collar
14:27 Loom
15:03 Gold Mining
20:12 Scale Barding Armor
21:45 Bloodlines
22:53 Wheelbarrow
26:36 Chain Barding Armor
27:00 Bow Saw
28:27 Forging
30:01 Iron Casting
30:46 Stone Mining
ArtTroy2751
7:21 Loom
10:05 Feudal Age
10:38 Double-Bit Axe
11:48 Horse Collar
17:46 Wheelbarrow
30:38 Fletching
Connection lost

Rejoining the realm…

Still unreachable

The connection could not be restored.

Session expired

The server has moved on; the page needs a fresh start.